 Dungeon Crawl Stone Soup version 0.25.0-1-g7eea58d2a3 (webtiles) character file.

Game seed: 11560422597372522030

3077 HungrySpirit the Cleaver (level 9, -12/81 HPs)
             Began as a Hill Orc Earth Elementalist on June 14, 2020.
             Was a Priest of Okawaru.
             Mangled by a hell rat (14 damage)
             ... on level 8 of the Dungeon.
             The game lasted 00:18:18 (10151 turns).

HungrySpirit the Cleaver (HOEE)                    Turns: 10151, Time: 00:18:19

Health: -12/81     AC: 12    Str: 12 (14) XL:     9   Next: 89%
Magic:  9/11       EV: 10    Int: 14 (15) God:    Okawaru [***...]
Gold:   396        SH:  0    Dex:  8 (11) Spells: 10/11 levels left

rFire    + . .     SeeInvis .   k - +1 hand axe (flame)
rCold    . . .     Gourm    .   (no shield)
rNeg     . . .     Faith    .   c - +1 scale mail
rPois    +         Spirit   .   p - +0 helmet
rElec    .         Reflect  .   (no cloak)
rCorr    .         Harm     .   H - +0 pair of gloves
MR       .....                  (no boots)
Stlth    +.........             (no amulet)
HPRegen  0.23/turn              y - ring of protection from fire
MPRegen  0.12/turn              r - ring of poison resistance

@: heroism, heavily drained
A: no striking features
a: Heroism, Renounce Religion


You were on level 8 of the Dungeon.
You worshipped Okawaru.
Okawaru was most pleased with you.
You were hungry.

You visited 2 branches of the dungeon, and saw 9 of its levels.

You collected 396 gold pieces.

Inventory:

Hand Weapons
 k - a +1 hand axe of flaming (weapon)
 v - a +0 war axe
 x - a +0 broad axe
Armour
 c - a +1 scale mail (worn)
 p - a +0 helmet (worn)
 H - a +0 pair of gloves (worn)
 K - a +0 cloak
Jewellery
 r - a ring of poison resistance (right hand)
 y - a ring of protection from fire (left hand)
 z - a +6 ring of dexterity
 C - an uncursed ring of protection from fire
Wands
 E - a wand of digging (5)
 F - a wand of iceblast (3)
Scrolls
 a - 4 scrolls of enchant armour
 g - 2 scrolls of immolation {unknown}
 i - 2 scrolls of teleportation
 j - 2 scrolls of identify
 m - 2 scrolls of amnesia {unknown}
 o - 4 scrolls of remove curse
 q - 2 scrolls of noise
 w - a scroll of fog {unknown}
 A - a scroll of magic mapping {unknown}
 B - 2 scrolls of blinking {unknown}
Potions
 f - a potion of haste
 h - a potion of heal wounds {unknown}
 l - a potion of flight
 n - 2 potions of brilliance
 s - a potion of stabbing {unknown}
 u - 3 potions of degeneration
 D - 2 potions of ambrosia {unknown}
 G - a potion of might
 I - a potion of magic {unknown}
 J - a potion of mutation {unknown}
Comestibles
 b - 4 chunks of flesh
 d - 11 rations


   Skills:
 + Level 7.9(9.7) Fighting
   Level 5.0(7.0) Short Blades
 * Level 10.8(12.4) Axes
 + Level 6.5(8.4) Armour
 - Level 1.5(3.8) Dodging
 - Level 1.5(3.8) Stealth
 - Level 1.5(0.0) Spellcasting
   Level 0.6(0.0) Transmutations
 - Level 3.0(0.5) Earth Magic


You had 10 spell levels left.
You knew the following spells:

 Your Spells              Type           Power        Failure   Level  Hunger
a - Sandblast             Erth           #.....       67%         1    ##.....

Your spell library contained the following spells:

 Spells                   Type           Power        Failure   Level  Hunger
 Beastly Appendage        Tmut           #.....       75%         1    ##.....
 Passwall                 Tmut/Erth      #.......     85%         2    ###....
 Sticks to Snakes         Tmut           #.......     87%         2    ###....
 Stone Arrow              Conj/Erth      #.....       97%         3    ####...
 Spider Form              Tmut/Pois      #.........   98%         3    ####...
 Ice Form                 Ice/Tmut       #.......     100%        4    #####..
 Petrify                  Tmut/Erth      #.......     100%        4    #####..
 Blade Hands              Tmut           #.........   100%        5    ######.
 Lee's Rapid Deconstruct  Erth           #.........   100%        5    ######.


Dungeon Overview and Level Annotations

Branches:
Dungeon (7/15)             Temple (1/1) D:5

Altars:
Elyvilon
Fedhas
Gozag
Hepliaklqana
Makhleb
Nemelex Xobeh
Okawaru
Qazlal
Ru
Trog
Wu Jian
Xom
Yredelemnul
The Shining One

Annotations:
D:4 Grinder


Message History

* * * LOW HITPOINT WARNING * * *
You gain the combat prowess of a mighty hero.
The hell rat bites you.
* * * LOW HITPOINT WARNING * * *
The crimson imp hits you but does no damage.
Okay, then.
You barely miss the hell rat.
The hell rat is almost dead.
You hit the crimson imp but do no damage.
You are feeling hungry.
The hell rat closely misses you. The crimson imp barely misses you.
You hit the hell rat but do no damage.
The hell rat is almost dead.
You barely miss the crimson imp. The hell rat bites you!
* * * LOW HITPOINT WARNING * * *
It was a potion of degeneration.
There was something very wrong with that liquid.
You feel weakened.
You feel dopey.
You feel clumsy. The crimson imp barely misses you. The hell rat bites you!
You die...

. #r %r
#r## .S#
#.##
###5#
####r@##
#..r###
#r###
r.r.....#
##....###
###.# #r.
#. .


You could see a hell rat, a crimson imp and 2 rats.

Vanquished Creatures
  A centaur skeleton (D:7)
  A hippogriff (D:7)
  A water moccasin (D:5)
  An orc warrior (D:7)
  An ice beast (D:6)
  A phantom (D:7)
  3 ogres
  A centaur (D:5)
  Blork the orc (D:6)
  A bullfrog (D:7)
  A scorpion (D:5)
  8 killer bees
  A wight (D:7)
  A howler monkey (D:6)
  6 crimson imps
  A centaur zombie (D:7)
  4 hounds
  3 jellies
  4 orc priests
  6 orc wizards
  An iguana (D:4)
  Terence (D:3)
  3 worker ants
  3 howler monkey zombies
  7 gnolls
  2 river rats (D:8)
  15 adders
  A howler monkey skeleton (D:4)
  3 shadow imps (D:7)
  2 adder skeletons
  2 worms
  4 dart slugs
  8 leopard geckos
  21 orcs
  3 ball pythons
  5 giant cockroaches
  9 goblins
  5 hobgoblins
  16 jackals
  13 kobolds
  5 quokkas
  7 bats
  7 frilled lizards
  A leopard gecko skeleton (D:4)
  A quokka skeleton (D:7)
  9 rats
201 creatures vanquished.

Vanquished Creatures (others)
  A wizard (D:6)
1 creature vanquished.

Grand Total: 202 creatures vanquished

Notes
Turn   | Place    | Note
-------+----------+-------------------------------------------
     0 | D:1      | HungrySpirit the Hill Orc Earth Elementalist began the
                  | quest for the Orb.
     0 | D:1      | Reached XP level 1. HP: 14/14 MP: 3/3
   168 | D:1      | Reached skill level 1 in Fighting
   270 | D:1      | Reached XP level 2. HP: 11/24 MP: 1/4
   448 | D:1      | Reached skill level 1 in Axes
   533 | D:1      | Reached skill level 2 in Axes
   772 | D:1      | Reached XP level 3. HP: 29/29 MP: 5/5
  1105 | D:2      | Reached skill level 3 in Axes
  1260 | D:2      | Reached XP level 4. HP: 33/37 MP: 4/6
  1387 | D:2      | Found a glowing golden altar of the Shining One.
  1388 | D:2      | Found a burning altar of Makhleb.
  1408 | D:2      | Reached skill level 1 in Short Blades
  1738 | D:2      | Reached skill level 1 in Armour
  2066 | D:2      | Reached XP level 5. HP: 44/44 MP: 7/7
  2330 | D:3      | Reached skill level 4 in Axes
  3539 | D:3      | Found a shimmering altar of Xom.
  3580 | D:3      | Reached XP level 6. HP: 46/51 MP: 8/8
  4115 | D:3      | Noticed Terence
  4128 | D:3      | Killed Terence
  4577 | D:4      | Reached XP level 7. HP: 25/59 MP: 9/9
  5121 | D:4      | Noticed Grinder
  5466 | D:5      | Entered Level 5 of the Dungeon
  5891 | D:5      | Found a staircase to the Ecumenical Temple.
  6015 | Temple   | Entered the Ecumenical Temple
  6073 | Temple   | Became a worshipper of Warmaster Okawaru
  6174 | D:5      | Reached skill level 5 in Axes
  6356 | D:5      | Reached XP level 8. HP: 67/67 MP: 10/10
  6500 | D:5      | Reached skill level 5 in Fighting
  6529 | D:5      | Reached skill level 5 in Short Blades
  6714 | D:5      | Reached skill level 6 in Axes
  6925 | D:6      | Reached * piety under Okawaru
  7211 | D:6      | Reached skill level 7 in Axes
  7792 | D:6      | Noticed Blork the orc
  7810 | D:6      | Killed Blork the orc
  7810 | D:6      | Reached skill level 5 in Armour
  7845 | D:6      | Reached skill level 8 in Axes
  7974 | D:6      | Reached XP level 9. HP: 69/77 MP: 11/11
  8173 | D:6      | Found a basalt altar of Yredelemnul.
  8211 | D:6      | Found a bloodstained altar of Trog.
  8234 | D:6      | Noticed a wizard
  8236 | D:6      | Killed a wizard
  8288 | D:7      | Reached skill level 9 in Axes
  8313 | D:7      | Reached ** piety under Okawaru
  9250 | D:7      | Found a shimmering altar of Xom.
  9260 | D:7      | Found a stormy altar of Qazlal.
  9423 | D:7      | Reached skill level 10 in Axes
  9664 | D:7      | Reached *** piety under Okawaru
 10085 | D:7      | Found a blossoming altar of Fedhas.
 10085 | D:7      | Found an ornate altar of the Wu Jian Council.
 10106 | D:7      | You fall into a shaft and drop 1 floor!
 10150 | D:8      | HP: 2/81 [hell rat (8)]
 10151 | D:8      | Mangled by a hell rat

Illustrated notes

Levels and vault maps discovered:
D:1:      zelgadis_glass_arrival_small, layout_basic
D:2:      layout_rooms, gammafunk_temple_overflow_statue
D:3:      minmay_razor_zed, layout_basic, led_xom_imps, uniq_terence
D:4:      layout_gridville, first_ration, uniq_grinder
D:5:      layout_basic, minmay_temple_entry_proselytizer, grunt_ministairs_13
D:6:      layout_gridville, kennysheep_little_box, hangedman_decor_points,
          grunt_ministairs_9, roderic_lattice_a, trog_wizard, uniq_blork_the_orc
D:7:      layout_basic, chequers_temple_overflow_statue_of_worship,
          gammafunk_temple_overflow_elements
D:8:      lemuel_ratsnest, layout_loops_cross, uniq_erica
Temple:   regret_index_temple_generic_petals

Skill      XL: |  1  2  3  4  5  6  7  8  9 |
---------------+----------------------------+-----
Fighting       | 1 2 3 4 6 7 |  7.9
Axes           | 2 3 4 5 8 10 | 10.8
Short Blades   | 1 2 3 4 5 |  5.0
Armour         | 1 2 3 5 6 |  6.5
Dodging        | |  1.5
Stealth        | |  1.5
Spellcasting   | |  1.5
Transmutations | |  0.6
Earth Magic    | |  3.0

Action                   |  1- 3 |  4- 6 |  7- 9 || total
-------------------------+-------+-------+-------++-------
Melee: Unarmed           |     9 |       |       ||     9
       Hand axe          |    41 |       |   243 ||   284
       Dagger            |    23 |    63 |       ||    86
       Short sword       |       |   197 |   314 ||   511
       Punch             |       |       |     1 ||     1
Throw: Throwing net      |       |     2 |       ||     2
       Stone             |       |     1 |       ||     1
 Cast: Sandblast         |    20 |     9 |       ||    29
Invok: Heroism           |       |       |     2 ||     2
Evoke: Wand              |       |       |     4 ||     4
  Use: Scroll            |       |       |     8 ||     8
       Potion            |       |       |     4 ||     4
 Stab: Distracted        |       |     1 |       ||     1
       Sleeping          |       |     8 |       ||     8
       Held in net/web   |       |     1 |       ||     1
  Eat: Chunk             |     2 |    11 |    14 ||    27
       Ration            |       |       |     1 ||     1
Armor: Robe              |    21 |       |       ||    21
       Leather armour    |     1 |    43 |       ||    44
       Scale mail        |       |    21 |   269 ||   290
Dodge: Dodged            |    47 |   115 |   259 ||   421
